 Dungeon Crawl Stone Soup version 0.30-a0-859-gf88a04b62d (webtiles) character file.

Game seed: 13898315918840574960

1160 jimonade the Magician (level 8, -23/54 HPs)
             Began as a Djinni Warper on Mar 6, 2023.
             Hit by a large rock thrown by a cyclops (24 damage)
             ... on level 6 of the Dungeon.
             The game lasted 00:14:40 (6532 turns).

jimonade the Magician (Djinni Warper)               Turns: 6532, Time: 00:14:40

Health: -23/54     AC:  8    Str: 12    XL:     8   Next: 66%
Gold:   268        EV: 10    Int: 15    God:
                   SH:  5    Dex: 13

rFire   + + +      SeeInvis +    a - +0 dagger (venom)
rCold   x . .      Faith    .    (no shield)
rNeg    . . .      Spirit   .    q - +0 ring mail
rPois   ∞          Reflect  +    x - +0 helmet
rElec   .          Rampage  .    (no cloak)
rCorr   .                        p - +1 pair of gloves
Will    .....                    (boots unavailable)
Stlth   +                        F - amulet of reflection
HPRegen 0.29/turn                m - ring of see invisible
MPRegen 0.00/turn                K - ring of protection from fire

@: on blink cooldown, flying
A: sickness immunity, fire resistance 2, cold vulnerability 1, float, innate
caster, HP casting, extra vitality 1
a: no special abilities


You were on level 6 of the Dungeon.
You visited 1 branch of the dungeon, and saw 6 of its levels.

You collected 268 gold pieces.

Inventory:

Hand Weapons
 a - a +0 dagger of venom (weapon)
 b - a +1 whip of freezing
 g - a +0 mace
 k - a +0 spear
 E - a +0 spear of flaming
 M - a +0 flail of holy wrath
Missiles
 d - 7 boomerangs of dispersal
 f - 7 boomerangs
 o - 12 poisoned darts
 u - 6 javelins
Armour
 h - a +2 robe of willpower
 p - a +1 pair of gloves (worn)
 q - a +0 ring mail (worn)
 x - a +0 helmet (worn)
 L - a +0 leather armour
Magical Staves
 l - a staff of earth
Jewellery
 m - a ring of see invisible (left hand)
 F - an amulet of reflection (around neck)
 K - a ring of protection from fire (right hand)
Wands
 y - a wand of digging (2)
 I - a wand of light (8)
 J - a wand of mindburst (22)
 N - a wand of paralysis (2)
Scrolls
 c - 3 scrolls of blinking
 e - 2 scrolls of magic mapping
 i - a scroll of poison {unknown}
 j - a scroll of noise {unknown}
 s - a scroll of silence {unknown}
 t - 2 scrolls of vulnerability {unknown}
 v - a scroll of fog {unknown}
 w - a scroll of enchant weapon {unknown}
 G - 4 scrolls of fear
 H - a scroll of immolation
Potions
 n - a potion of magic {unknown}
 r - a potion of might
 z - a potion of lignification
 A - a potion of attraction
 B - a potion of heal wounds
 C - a potion of brilliance {unknown}
 D - a potion of curing


   Skills:
 - Level 2.0 Fighting
 - Level 1.5 Polearms
 - Level 0.7 Throwing
 - Level 1.0 Armour
 - Level 2.1 Dodging
 + Level 7.9 Spellcasting


You knew the following spells:

 Your Spells              Type           Power      Damage    Failure   Level
a - Blink                 Tloc           58%        N/A       1%          2
b - Lesser Beckoning      Tloc           58%        N/A       1%          2
c - Vhi's Electric Charg  Tloc/Air       58%        N/A       3%          3
d - Teleport Other        Tloc           29%        N/A       3%          3
e - Manifold Assault      Tloc           29%        N/A       11%         4
f - Sting                 Tmut/Pois      100%       1d8       1%          1
g - Wereblood             Tmut           29%        N/A       1%          2
h - Ozocubu's Armour      Ice            29%        N/A       3%          3
Your spell library was empty.

Dungeon Overview and Level Annotations

Branches:
Dungeon (6/15)
 Temple: D:4-7

Altars:
Uskayaw
The Shining One

Shops:
D:3 :*   D:4 =[


Innate Abilities, Weirdness & Mutations

You are immune to sickness and miasma.
You are immune to poison.
Your flesh is very heat resistant. (rF++)
You are vulnerable to cold. (rC-)
You float through the air rather than walking.
You learn spells naturally, not from books.
Your magical power is your life essence.
You have superior vitality. (+4 MHP)


Message History

Casting: Vhi's Electric Charge (dangerous; 3% risk of failure)
Confirm with . or Enter, or press ? or * to list all spells.
A film of ice covers your body! The cyclops completely misses you.
Casting: Ozocubu's Armour (dangerous; 3% risk of failure)
Confirm with . or Enter, or press ? or * to list all spells.
Okay, then.
Unknown command.
Unknown command.
You hit the cyclops.
The cyclops is poisoned.
The cyclops is lightly wounded.
The cyclops hits you!
You hit the cyclops but do no damage.
The cyclops looks as sick as possible!
The cyclops is lightly wounded.
You completely miss the cyclops.
The cyclops is lightly wounded.
You block the cyclops's attack.
You hit the cyclops but do no damage.
The cyclops looks as sick as possible!
The cyclops is lightly wounded.
The cyclops hits you!
You are too injured to fight recklessly!
You are too injured to fight recklessly!
You are too injured to fight recklessly!
Casting: Ozocubu's Armour (dangerous; 3% risk of failure)
Confirm with . or Enter, or press ? or * to list all spells.
Okay, then.
Unknown command.
You hit the cyclops but do no damage.
The cyclops looks as sick as possible!
The cyclops is lightly wounded.
You completely miss the cyclops.
The cyclops is lightly wounded.
The cyclops hits you!!
* * * LOW HITPOINT WARNING * * *
Casting: Ozocubu's Armour (dangerous; 3% risk of failure)
Confirm with . or Enter, or press ? or * to list all spells.
Your icy armour will break if you move.
Continue?
You blink.
Your icy armour cracks and falls away as you move.
* * * LOW HITPOINT WARNING * * *
The cyclops throws a large rock.
The large rock hits you!!
You die...

#..# ######..# #..#
#....#..# #..#
#....#...
#..##+#########....#...
#..#...............'...
#..#...............#...
#..+...............#...
#..#...............#..#
#..#..@.####'##....#..#
#..#....#.....#....#...
#..#>C..#.....#....#...
#..#....#.....#....#...
#..'...§'.....#....#..
#..#....#..<..#....#
#..#....#######....# ##
####...........##### #.
#....######## #.


You could see a cyclops (extremely poisoned).

Vanquished Creatures
  Sigmund (D:4)
  A black bear (D:6)
  2 ogres
  A bullfrog (D:6)
  A scorpion (D:4)
  An orc priest (D:2)
  3 hounds (D:5)
  2 jellies
  A gnoll bouda (D:4)
  A sleepcap (D:5)
  Natasha (twice) (D:4 D:3)
  An iguana (D:5)
  2 orc wizards
  8 gnolls
  5 adders
  An ufetubus (D:4)
  3 worms
  A dart slug (D:5)
  12 orcs
  12 ball pythons
  7 endoplasms
  4 giant cockroaches
  5 goblins
  7 hobgoblins
  8 jackals
  A quokka (D:4)
  3 bats
  4 frilled lizards
  5 kobolds
  10 rats
115 creatures vanquished.

Vanquished Creatures (others)
  An orc wizard (D:5)
1 creature vanquished.

Grand Total: 116 creatures vanquished

Notes
Turn   | Place    | Note
-------+----------+-------------------------------------------
     0 | D:1      | jimonade the Djinni Warper began the quest for the Orb.
     0 | D:1      | jimonade set off with the following spells memorised:
                  | Blink, Lesser Beckoning, Vhi's Electric Charge, Teleport
                  | Other, Manifold Assault.
     0 | D:1      | Reached XP level 1. HP: 18/18 MP: 0/0
   195 | D:1      | Reached XP level 2. HP: 16/23 MP: 0/0
   225 | D:1      | You are sucked into a shaft and drop 1 floor!
   423 | D:2      | Reached skill level 3 in Spellcasting
   581 | D:2      | Reached XP level 3. HP: 22/28 MP: 0/0
   581 | D:2      | Learned a level 1 spell: Sting
  1295 | D:1      | Reached XP level 4. HP: 33/33 MP: 0/0
  1937 | D:3      | Found Defeliesh's Assorted Antiques.
  1992 | D:2      | Reached skill level 4 in Spellcasting
  2046 | D:2      | Reached XP level 5. HP: 20/38 MP: 0/0
  2046 | D:2      | Learned a level 2 spell: Wereblood
  2407 | D:3      | Found a hide-covered altar of Uskayaw.
  2840 | D:3      | Found Cun Meot's Book Boutique.
  3251 | D:4      | Found Keorhona's Antique Armour Emporium.
  3489 | D:4      | Noticed Sigmund
  3497 | D:4      | Killed Sigmund
  3498 | D:4      | Reached skill level 5 in Spellcasting
  3498 | D:4      | Reached XP level 6. HP: 31/43 MP: 0/0
  3616 | D:4      | Reached XP level 7. HP: 38/49 MP: 0/0
  3616 | D:4      | Learned a level 3 spell: Ozocubu's Armour
  3675 | D:4      | Found a glowing golden altar of the Shining One.
  3944 | D:4      | Noticed Natasha
  4306 | D:4      | Found Hosi's Jewellery Emporium.
  4390 | D:4      | Killed Natasha
  4391 | D:4      | Reached skill level 6 in Spellcasting
  4586 | D:5      | Entered Level 5 of the Dungeon
  4985 | D:4      | Noticed Natasha
  5003 | D:3      | Killed Natasha
  5326 | D:5      | Reached XP level 8. HP: 49/54 MP: 0/0
  5673 | D:4      | Reached skill level 7 in Spellcasting
  6497 | D:6      | Noticed a cyclops
  6532 | D:6      | Hit by a large rock thrown by a cyclops

Illustrated notes

Levels and vault maps discovered:
D:1:      elethiomel_arrival_maze, layout_basic, serial_forest,
          infiniplex_forest_lined_2, infiniplex_forest_corner_1,
          infiniplex_forest_pool, infiniplex_forest_zigzag_1,
          hangedman_decor_growths
D:2:      layout_basic
D:3:      layout_loops_ring, nicolae_uskayaw_dance_hall, serial_shops, shop,
          nicolae_shop_statue_plus, hangedman_abyss_or_decor_lesser_grid
D:4:      layout_basic, kennysheep_mini_moat, serial_shops, kennysheep_mini,
          nicolae_lakefront_shop, uniq_natasha, uniq_sigmund
D:5:      layout_rooms, chequers_serial_rivers_micro_b
D:6:      layout_gridville, nemelex_diamond_rough_becter,
          nicolae_sif_muna_little_library, gammafunk_ghost_necromancy,
          uniq_maggie

Skill      XL: |  1  2  3  4  5  6  7  8 |
---------------+-------------------------+-----
Spellcasting   | 3 4 5 6 7 |  7.9
Fighting       | |  2.0
Polearms       | |  1.5
Throwing       | |  0.7
Armour         | |  1.0
Dodging        | |  2.1

Action                     |  1- 3 |  4- 6 |  7- 9 || total
---------------------------+-------+-------+-------++-------
  Melee: Spear             |    38 |       |       ||    38
         Punch             |     2 |     3 |     3 ||     8
         Dagger            |    91 |   147 |   245 ||   483
   Cast: Sting             |     4 |    30 |     7 ||    41
         Wereblood         |       |     2 |     3 ||     5
         Ozocubu's Armour  |       |       |    15 ||    15
         Blink             |       |       |    10 ||    10
         Vhi's Electric Ch |       |       |     7 ||     7
    Use: Scroll            |       |       |    11 ||    11
   Stab: Sleeping          |     1 |       |       ||     1
 Armour: Leather armour    |    20 |       |       ||    20
         Ring mail         |    25 |    64 |    99 ||   188
  Dodge: Dodged            |    83 |    72 |   157 ||   312
  Block: Other             |       |    17 |    71 ||    88

Table legend: (Time is in decaauts)
 A = Elapsed time spent in this place.
 B = Non-inter-level travel time spent in this place.
 C = Inter-level travel time spent in this place.
 D = Time resting spent in this place.
 E = Time spent auto-exploring this place.
 F = Levels seen in this place.
 G = Mean time per level.
                   A        B        C        D        E       F      G
               +--------+--------+--------+--------+--------+-----+--------+
         Total |   6548 |   6146 |    402 |    815 |   3636 |   6 | 1091.3 |
       Dungeon |   6548 |   6146 |    402 |    815 |   3636 |   6 | 1091.3 |
               +--------+--------+--------+--------+--------+-----+--------+

Top non-repeatable levels by time:
     D:4: 2207 daAuts
     D:2: 1397 daAuts
     D:3: 1022 daAuts
     D:1: 923 daAuts
     D:5: 738 daAuts
     D:6: 259 daAuts
